 Dungeon Crawl Stone Soup version 0.30.0-5-g1a98f26d00 (webtiles) character file.

Game seed: 7859297366156122895

42 monsoonserge the Ducker (level 3, -2/30 HPs)
             Began as a Merfolk Monk on May 12, 2023.
             Was an Elder of Jiyva.
             Slain by a gnoll
             ... wielding a +0 flail
              (6 damage)
             ... on level 3 of the Dungeon.
             The game lasted 00:06:19 (1641 turns).

monsoonserge the Ducker (Merfolk Monk)              Turns: 1641, Time: 00:06:20

Health: -2/30      AC:  3    Str: 11    XL:     3   Next: 56%
Magic:  3/3        EV: 14    Int:  9    God:    Jiyva [****..]
Gold:   55         SH:  0    Dex: 18    Spells: 2/2 levels left

rFire   + + +        a - +0 falchion
rCold   + . .        d - orb {light}
rNeg    . . .        g - +0 leather armour
rPois   .            (no helmet)
rElec   .            (no cloak)
rCorr   +            (no gloves)
SInv    .            (no boots)
Will    .....        (no amulet)
Stlth   +            (no ring)
HPRegen 1.53/turn    (no ring)
MPRegen 0.48/turn

%: no passive effects
@: glowing
A: (nimble swimmer 2), mertail, cold resistance 1, fire resistance 3
a: Renounce Religion, Oozemancy, Slimify


You were on level 3 of the Dungeon.
You worshipped Jiyva.
Jiyva was greatly pleased with you.
You visited 1 branch of the dungeon, and saw 3 of its levels.

You collected 55 gold pieces.

Inventory:

Hand Weapons
 a - a +0 falchion (weapon)
 f - a +0 spear
Armour
 b - a +0 robe
 d - an orb of light (worn)
 g - a +0 leather armour (worn)
Scrolls
 e - a scroll of torment {unknown}
 h - a scroll of magic mapping {unknown}
 k - a scroll of vulnerability {unknown}
Potions
 c - a potion of ambrosia
 i - a potion of curing {unknown}
 j - a potion of berserk rage {unknown}


   Skills:
 + Level 3.6 Fighting
 + Level 4.2 Long Blades
 + Level 0.5 Armour
 + Level 4.8 Dodging


You had 2 spell levels left.
You didn't know any spells.
Your spell library was empty.

Dungeon Overview and Level Annotations

Branches:
Dungeon (3/15)

Altars:
Jiyva


Innate Abilities, Weirdness & Mutations

((You are very nimble when in or above water. (Stealth+, EV+, Speed+++)))
Your lower body shifts to a powerful aquatic tail in water.
Your flesh is cold resistant. (rC+)
Your flesh is almost immune to the effects of heat. (rF+++)


Message History

Done exploring.
There is a stone staircase leading down here.
You climb downwards.
There is a stone staircase leading up here.
Found a leather armour.
Found 6 gold pieces.
You hear a distant slurping noise.
A bat comes into view.
The bat closely misses you.
You see here 6 gold pieces.
You now have 55 gold pieces (gained 6).
The bat hits you.
You slash the bat!
You kill the bat!
A gnoll comes into view. It is wielding a +0 flail.
The gnoll shouts!
The gnoll moves out of view.
The gnoll hits you with a +0 flail!
You hit the gnoll.
The gnoll is lightly wounded.
The gnoll closely misses you.
You hit the gnoll.
The gnoll is heavily wounded.
The gnoll barely misses you.
You hit the gnoll but do no damage.
The gnoll is heavily wounded.
The gnoll closely misses you.
You hit the gnoll.
The gnoll is severely wounded.
The gnoll hits you with a +0 flail!
You barely miss the gnoll.
The gnoll is severely wounded.
The gnoll hits you with a +0 flail.
You hit the gnoll.
The gnoll is almost dead.
The gnoll hits you with a +0 flail!
* * * LOW HITPOINT WARNING * * *
You hit the gnoll but do no damage.
The gnoll is almost dead.
The gnoll hits you with a +0 flail.
You die...

## ... ### #.#
#.# #.# ......
##.#.#.#.#
#g........
#########@#.#.#.
#................
#......##.#.#.#.#
##..........##
#.......#####
#.......#
#.......#
##.....## ##...##


You could see a gnoll.

Vanquished Creatures
  An adder (D:2)
  A worm (D:2)
  A dart slug (D:2)
  6 bats
  A giant cockroach (D:1)
  4 goblins
  6 hobgoblins
  A ball python (D:1)
  2 frilled lizards (D:2)
  A kobold (D:1)
  4 rats
28 creatures vanquished.

Vanquished Creatures (others)
  2 jellies (D:2)
  Terence (D:2)
  A dart slug (D:1)
  An endoplasm (D:2)
  A giant cockroach (D:2)
  A goblin (D:1)
  2 hobgoblins (D:1)
  A quokka (D:2)
  A ball python (D:1)
  A rat (D:2)
12 creatures vanquished.

Grand Total: 40 creatures vanquished

Notes
Turn   | Place    | Note
-------+----------+-------------------------------------------
     0 | D:1      | monsoonserge the Merfolk Monk began the quest for the Orb.
     0 | D:1      | Reached XP level 1. HP: 18/18 MP: 1/1
    18 | D:1      | Found a faded altar of an unknown god.
    40 | D:1      | Prayed at the altar of an unknown god.
    40 | D:1      | Became a worshipper of Jiyva Jothrati the Shapeless
    40 | D:1      | Reached * piety under Jiyva
    40 | D:1      | Reached ** piety under Jiyva
   135 | D:1      | Reached *** piety under Jiyva
   162 | D:1      | Reached XP level 2. HP: 24/24 MP: 2/2
   240 | D:1      | Gained mutation: Your flesh is heat resistant. (rF+)
                  | [Jiyva's grace]
   240 | D:1      | Gained mutation: Your flesh is very heat resistant. (rF++)
                  | [Jiyva's grace]
   240 | D:1      | Gained mutation: Your flesh is almost immune to the effects
                  | of heat. (rF+++) [Jiyva's grace]
   240 | D:1      | Gained mutation: Your flesh is cold resistant. (rC+)
                  | [Jiyva's grace]
  1010 | D:2      | Reached XP level 3. HP: 30/30 MP: 3/3
  1238 | D:2      | Reached **** piety under Jiyva
  1247 | D:2      | Killed Terence
  1641 | D:3      | Slain by a gnoll

Illustrated notes

Levels and vault maps discovered:
D:1:      ncdulo_watergridlock, layout_loops_corners,
          dreamdust_ecumenical_altar_statues
D:2:      layout_basic, uniq_terence
D:3:      layout_loops_corners, dancing_weapons_uskayaw, st_stairs_12

Skill      XL: |  1  2 |
---------------+-------+-----
Long Blades    | 4 |  4.2
Fighting       | |  3.6
Armour         | |  0.5
Dodging        | |  4.8

Action                     || total
---------------------------++-------
  Melee: Falchion          ||    73
 Armour: Leather armour    ||    14
  Dodge: Dodged            ||    53
